| TOP OF THE 1ST |
|
San Francisco (APP) Giants batting - Pitching for San Diego (APP) Padres : LHP Dae-Jung Cho
|
|
Pitching: LHP Dae-Jung Cho
|
|
|
Batting: RHB Frank Pena
|
0-0: Called Strike 0-1: Swinging Strike 0-2: Strikes out swinging
|
|
Batting: RHB Coen Dirks
|
0-0: Ball 1-0: Foul Ball, location: 2F 1-1: Ball 2-1: Ball 3-1: Ground out 6-3 (Groundball, 6, EV 84.4 MPH)
|
|
Batting: RHB Brian Rogers
|
0-0: Swinging Strike 0-1: Swinging Strike 0-2: Ball 1-2: Ball 2-2: Foul Ball, location: 2F 2-2: Ground out 6-3 (Groundball, 6, EV 86.2 MPH)
|
| Top of the 1st over - 0 runs, 0 hits, 0 errors, 0 left on base; San Francisco (APP) 0 - San Diego (APP) 0 |
| BOTTOM OF THE 1ST |
|
San Diego (APP) Padres batting - Pitching for San Francisco (APP) Giants : RHP Carlos Solis
|
|
Pitching: RHP Carlos Solis
|
|
|
Batting: RHB Elias Vences
|
0-0: Ball 1-0: Called Strike 1-1: Ball 2-1: Ball 3-1: Ball
|
|
Batting: RHB Devon Dill
|
0-0: Called Strike Elias Vences is caught stealing 2nd base 2-4 0-1: Fly out, F4 (Popup, 34D, EV 46.2 MPH)
|
|
Batting: LHB Carlos Cuellar
|
0-0: Foul Ball, location: 2F 0-1: Ball 1-1: Ball 2-1: Ball 3-1: Base on Balls
|
|
Batting: RHB Aaron Joseph
|
0-0: Ball 1-0: Ball 2-0: Called Strike 2-1: Swinging Strike 2-2: Foul Ball, location: 2F 2-2: Foul Ball, location: 2F 2-2: Foul Ball, location: 2F 2-2: Ball 3-2: Strikes out swinging
|
| Bottom of the 1st over - 0 runs, 0 hits, 0 errors, 1 left on base; San Francisco (APP) 0 - San Diego (APP) 0 |
| TOP OF THE 2ND |
|
San Francisco (APP) Giants batting - Pitching for San Diego (APP) Padres : LHP Dae-Jung Cho
|
|
Batting: RHB Troy Trice
|
0-0: Ball 1-0: Ball 2-0: Called Strike 2-1: Ball 3-1: Called Strike 3-2: Strikes out looking
|
|
Batting: RHB Billy Pranger
|
0-0: Called Strike 0-1: DOUBLE (Line Drive, 5D, EV 101.9 MPH)
|
|
Batting: LHB Steve Nevis
|
0-0: Ball 1-0: Ball 2-0: Ball 3-0: Swinging Strike 3-1: Swinging Strike 3-2: Strikes out swinging
|
|
Batting: RHB Bob Schweiger
|
0-0: Ball 1-0: Ball 2-0: Foul Ball, location: 2F 2-1: Ball 3-1: Called Strike 3-2: Foul Ball, location: 2F 3-2: Foul Ball, location: 2F 3-2: Foul Ball, location: 2F 3-2: Strikes out swinging
|
| Top of the 2nd over - 0 runs, 1 hit, 0 errors, 1 left on base; San Francisco (APP) 0 - San Diego (APP) 0 |
| BOTTOM OF THE 2ND |
|
San Diego (APP) Padres batting - Pitching for San Francisco (APP) Giants : RHP Carlos Solis
|
|
Batting: RHB Ruben Luis
|
0-0: Ball 1-0: Foul Ball, location: 2F 1-1: Called Strike 1-2: Ball 2-2: Ball 3-2: Foul Ball, location: 2F 3-2: Foul Ball, location: 2F 3-2: Foul Ball, location: 2F 3-2: Base on Balls
|
|
Batting: RHB Phil McFadden
|
0-0: Ball 1-0: Called Strike 1-1: Foul Ball, location: 2F 1-2: Foul Ball, location: 2F 1-2: 2-RUN HOME RUN (Flyball, 7LD, EV 96.9 MPH), Distance : 349 ft
|
|
Batting: RHB Brian Klinkner
|
0-0: Ball 1-0: Ball 2-0: Ball 3-0: Called Strike 3-1: Base on Balls
|
|
Batting: RHB Ed Oake
|
0-0: Ball 1-0: Foul Ball, location: 2F 1-1: Ball 2-1: Ball 3-1: Base on Balls Brian Klinkner to second
|
|
Batting: RHB Tyler Johnson
|
0-0: Foul Ball, location: 2F 0-1: Ball 1-1: Ball 2-1: Foul Ball, location: 2F 2-2: Ball 3-2: Fielders Choice at 2nd, 2-6 (Groundball, 13S, EV 65.6 MPH) Brian Klinkner to third
|
|
Batting: RHB Elias Vences
|
0-0: Ball 1-0: Ball 2-0: Foul Ball, location: 2F 2-1: 3-RUN HOME RUN (Line Drive, 78XD, EV 101.9 MPH), Distance : 426 ft
|
|
Pitching: RHP Tucker Perillo
|
|
|
Batting: RHB Devon Dill
|
0-0: Swinging Strike 0-1: Swinging Strike 0-2: Fly out, F7 (Flyball, 78S, EV 90.0 MPH)
|
|
Batting: LHB Carlos Cuellar
|
0-0: Ground out 4-3 (Groundball, 4, EV 108.8 MPH)
|
| Bottom of the 2nd over - 5 runs, 2 hits, 0 errors, 0 left on base; San Francisco (APP) 0 - San Diego (APP) 5 |
| TOP OF THE 3RD |
|
San Francisco (APP) Giants batting - Pitching for San Diego (APP) Padres : LHP Dae-Jung Cho
|
|
Batting: RHB Harry Dickson
|
0-0: Called Strike 0-1: Ball 1-1: Ball 2-1: Fly out, F8 (Flyball, 8RD, EV 108.1 MPH)
|
|
Batting: RHB Alexis Andrade
|
0-0: Called Strike 0-1: Swinging Strike 0-2: Ball 1-2: Strikes out swinging
|
|
Batting: RHB Frank Pena
|
0-0: Ball 1-0: Ball 2-0: Ground out 6-3 (Groundball, 6, EV 76.9 MPH)
|
| Top of the 3rd over - 0 runs, 0 hits, 0 errors, 0 left on base; San Francisco (APP) 0 - San Diego (APP) 5 |
| BOTTOM OF THE 3RD |
|
San Diego (APP) Padres batting - Pitching for San Francisco (APP) Giants : RHP Tucker Perillo
|
|
Batting: RHB Aaron Joseph
|
0-0: Called Strike 0-1: Ball 1-1: Foul Ball, location: 2F 1-2: Ground out U3 (Groundball, 34S, EV 84.4 MPH)
|
|
Batting: RHB Ruben Luis
|
0-0: Ground out 6-3 (Groundball, 6, EV 97.5 MPH)
|
|
Batting: RHB Phil McFadden
|
0-0: Ball 1-0: Called Strike 1-1: Ground out 6-3 (Groundball, 6, EV 99.4 MPH)
|
| Bottom of the 3rd over - 0 runs, 0 hits, 0 errors, 0 left on base; San Francisco (APP) 0 - San Diego (APP) 5 |
| TOP OF THE 4TH |
|
San Francisco (APP) Giants batting - Pitching for San Diego (APP) Padres : LHP Dae-Jung Cho
|
|
Batting: RHB Coen Dirks
|
0-0: Ball 1-0: Ball 2-0: Ground out 5-3 (Groundball, 56S, EV 80.6 MPH)
|
|
Batting: RHB Brian Rogers
|
0-0: Ball 1-0: SINGLE (Popup, 4D, EV 69.4 MPH)
|
|
Batting: RHB Troy Trice
|
0-0: Called Strike 0-1: 2-RUN HOME RUN (Flyball, 7D, EV 96.9 MPH), Distance : 377 ft
|
|
Batting: RHB Billy Pranger
|
0-0: Ball 1-0: Foul Ball, location: 2F 1-1: Ball 2-1: Ball 3-1: Foul Ball, location: 2F 3-2: Foul Ball, location: 2F 3-2: Fly out, F8 (Flyball, 8RD, EV 81.2 MPH)
|
|
Batting: LHB Steve Nevis
|
0-0: Called Strike 0-1: Called Strike 0-2: Ball 1-2: Ball 2-2: Foul Ball, location: 2F 2-2: Ball 3-2: Strikes out swinging
|
| Top of the 4th over - 2 runs, 2 hits, 0 errors, 0 left on base; San Francisco (APP) 2 - San Diego (APP) 5 |
| BOTTOM OF THE 4TH |
|
San Diego (APP) Padres batting - Pitching for San Francisco (APP) Giants : RHP Tucker Perillo
|
|
Batting: RHB Brian Klinkner
|
0-0: Ball 1-0: Ball 2-0: Called Strike 2-1: Ball 3-1: Foul Ball, location: 2F 3-2: SINGLE (Line Drive, 4MD, EV 96.9 MPH)
|
|
Batting: RHB Ed Oake
|
0-0: Swinging Strike 0-1: Swinging Strike 0-2: Ball 1-2: Foul Ball, location: 2F 1-2: Strikes out swinging
|
|
Batting: RHB Tyler Johnson
|
0-0: Fly out, F2 (Popup, 23F, EV 78.8 MPH)
|
|
Batting: RHB Elias Vences
|
0-0: Ball 1-0: Ball 2-0: Ball 3-0: Called Strike 3-1: Foul Ball, location: 2F 3-2: Strikes out swinging
|
| Bottom of the 4th over - 0 runs, 1 hit, 0 errors, 1 left on base; San Francisco (APP) 2 - San Diego (APP) 5 |
| TOP OF THE 5TH |
|
San Francisco (APP) Giants batting - Pitching for San Diego (APP) Padres : LHP Dae-Jung Cho
|
|
Batting: RHB Bob Schweiger
|
0-0: Hit by Pitch
|
|
Batting: RHB Harry Dickson
|
0-0: Ball 1-0: Ball 2-0: Grounds into double play, 5-4-3 (Groundball, 56S, EV 78.8 MPH)
|
|
Batting: RHB Alexis Andrade
|
0-0: Fly out, F8 (Flyball, 8LM, EV 77.5 MPH)
|
| Top of the 5th over - 0 runs, 0 hits, 0 errors, 0 left on base; San Francisco (APP) 2 - San Diego (APP) 5 |
| BOTTOM OF THE 5TH |
|
San Diego (APP) Padres batting - Pitching for San Francisco (APP) Giants : RHP Tucker Perillo
|
|
Batting: RHB Devon Dill
|
0-0: Ball 1-0: Foul Ball, location: 2F 1-1: Ground out 6-3 (Groundball, 6, EV 105.0 MPH)
|
|
Batting: LHB Carlos Cuellar
|
0-0: Called Strike 0-1: Ball 1-1: Foul Ball, location: 2F 1-2: Fly out, F7 (Line Drive, 7, EV 91.9 MPH)
|
|
Batting: RHB Aaron Joseph
|
0-0: SINGLE (Groundball, 6D, EV 104.4 MPH)
|
|
Pitching: RHP Chance Robinson
|
|
|
Batting: RHB Ruben Luis
|
0-0: Foul Ball, location: 2F 0-1: Swinging Strike Aaron Joseph is caught stealing 2nd base 2-4
|
| Bottom of the 5th over - 0 runs, 1 hit, 0 errors, 0 left on base; San Francisco (APP) 2 - San Diego (APP) 5 |
| TOP OF THE 6TH |
|
San Francisco (APP) Giants batting - Pitching for San Diego (APP) Padres : LHP Dae-Jung Cho
|
|
Batting: RHB Frank Pena
|
0-0: Foul Ball, location: 2F 0-1: Ball 1-1: Foul Ball, location: 2F 1-2: Ball 2-2: Ball 3-2: Ground out 4-3 (Groundball, 4, EV 104.4 MPH)
|
|
Pitching: RHP Roger Brennan
|
|
|
Batting: RHB Coen Dirks
|
0-0: Called Strike 0-1: Fly out, F8 (Flyball, 8RS, EV 85.0 MPH)
|
|
Batting: RHB Brian Rogers
|
0-0: Called Strike 0-1: Ball 1-1: Foul Ball, location: 2F 1-2: SINGLE (Line Drive, 7S, EV 101.2 MPH)
|
|
Batting: RHB Troy Trice
|
0-0: Called Strike Brian Rogers steals 2nd, throwing error, E2 Brian Rogers to third 0-1: Swinging Strike 0-2: Foul Ball, location: 2F 0-2: Strikes out swinging
|
| Top of the 6th over - 0 runs, 1 hit, 1 error, 1 left on base; San Francisco (APP) 2 - San Diego (APP) 5 |
| BOTTOM OF THE 6TH |
|
San Diego (APP) Padres batting - Pitching for San Francisco (APP) Giants : RHP Chance Robinson
|
|
Batting: RHB Ruben Luis
|
0-0: Swinging Strike 0-1: Ground out 6-3 (Groundball, 6, EV 92.5 MPH)
|
|
Batting: RHB Phil McFadden
|
0-0: Called Strike 0-1: Ball 1-1: Hit by Pitch
|
|
Batting: RHB Brian Klinkner
|
0-0: Swinging Strike 0-1: Called Strike 0-2: Ball 1-2: Foul Ball, location: 2F 1-2: Strikes out swinging
|
|
Batting: RHB Ed Oake
|
0-0: Ball 1-0: Foul Ball, location: 2F 1-1: Ground out 4-3 (Groundball, 4, EV 85.0 MPH)
|
| Bottom of the 6th over - 0 runs, 0 hits, 0 errors, 1 left on base; San Francisco (APP) 2 - San Diego (APP) 5 |
| TOP OF THE 7TH |
|
San Francisco (APP) Giants batting - Pitching for San Diego (APP) Padres : RHP Roger Brennan
|
|
Batting: RHB Billy Pranger
|
0-0: Called Strike 0-1: Called Strike 0-2: Foul Ball, location: 2F 0-2: Ball 1-2: Foul Ball, location: 2F 1-2: Ball 2-2: Ball 3-2: Strikes out looking
|
|
Batting: LHB Steve Nevis
|
0-0: Ball 1-0: Ball 2-0: Ball 3-0: Called Strike 3-1: Foul Ball, location: 2F 3-2: Foul Ball, location: 2F 3-2: TRIPLE (Line Drive, 89D, EV 96.9 MPH)
|
|
Batting: RHB Bob Schweiger
|
0-0: Called Strike 0-1: Called Strike 0-2: Strikes out swinging
|
|
Batting: RHB Harry Dickson
|
0-0: Ball 1-0: Called Strike 1-1: Fly out, F7 (Flyball, 7LS, EV 83.1 MPH)
|
| Top of the 7th over - 0 runs, 1 hit, 0 errors, 1 left on base; San Francisco (APP) 2 - San Diego (APP) 5 |
| BOTTOM OF THE 7TH |
|
San Diego (APP) Padres batting - Pitching for San Francisco (APP) Giants : RHP Chance Robinson
|
|
Pitching: RHP Sam Drews
|
|
|
Batting: RHB Eric McMillian
|
0-0: Called Strike 0-1: Foul Ball, location: 2F 0-2: Ball 1-2: Foul Ball, location: 2F 1-2: Ground out 6-3 (Groundball, 6, EV 89.4 MPH)
|
|
Batting: RHB Elias Vences
|
0-0: Ball 1-0: Foul Ball, location: 2F 1-1: Swinging Strike 1-2: Ball 2-2: Strikes out swinging
|
|
Batting: RHB Devon Dill
|
0-0: Called Strike 0-1: Ball 1-1: Swinging Strike 1-2: Ball 2-2: Foul Ball, location: 2F 2-2: Ball 3-2: DOUBLE (Flyball, 8LD, EV 95.6 MPH)
|
|
Batting: LHB Carlos Cuellar
|
0-0: Intentional Walk
|
|
Batting: RHB Aaron Joseph
|
0-0: Called Strike 0-1: Fly out, F7 (Line Drive, 7S, EV 105.0 MPH)
|
| Bottom of the 7th over - 0 runs, 1 hit, 0 errors, 2 left on base; San Francisco (APP) 2 - San Diego (APP) 5 |
| TOP OF THE 8TH |
|
San Francisco (APP) Giants batting - Pitching for San Diego (APP) Padres : RHP Roger Brennan
|
|
Batting: RHB Alexis Andrade
|
0-0: Ball 1-0: Called Strike 1-1: Ball 2-1: Swinging Strike 2-2: Strikes out swinging
|
|
Batting: RHB Frank Pena
|
0-0: Ball 1-0: Swinging Strike 1-1: Swinging Strike 1-2: Strikes out swinging, 2-3 out at first.
|
|
Batting: RHB Coen Dirks
|
0-0: Fly out, F8 (Line Drive, 8LM, EV 83.8 MPH)
|
| Top of the 8th over - 0 runs, 0 hits, 0 errors, 0 left on base; San Francisco (APP) 2 - San Diego (APP) 5 |
| BOTTOM OF THE 8TH |
|
San Diego (APP) Padres batting - Pitching for San Francisco (APP) Giants : RHP Sam Drews
|
|
Batting: RHB Ruben Luis
|
0-0: Ball 1-0: Foul Ball, location: 2F 1-1: SINGLE (Line Drive, 56, EV 102.5 MPH)
|
|
Batting: RHB Phil McFadden
|
0-0: Ball 1-0: Ball 2-0: Ball 3-0: Base on Balls Ruben Luis to second
|
|
Pitching: RHP Danny MacKinnon
|
|
|
Batting: RHB Brian Klinkner
|
0-0: Ball 1-0: Swinging Strike 1-1: Foul Ball, location: 2F 1-2: Strikes out swinging
|
|
Batting: RHB Ed Oake
|
0-0: Ball 1-0: Foul Ball, location: 2F 1-1: Ball 2-1: Foul Ball, location: 2F 2-2: SINGLE (Groundball, 4, EV 96.9 MPH) Ruben Luis to third Phil McFadden to second Runner from 3rd tries for Home, SAFE, throw by CF to home
|
|
Batting: RHB Eric McMillian
|
0-0: Foul Ball, location: 2F 0-1: Called Strike 0-2: SINGLE (Groundball, 4MD, EV 110.6 MPH) Phil McFadden to third Ed Oake to second Runner from 3rd tries for Home, throw by CF and OUT! 8-2
|
|
Batting: RHB Elias Vences
|
0-0: Swinging Strike 0-1: Ball 1-1: Foul Ball, location: 2F 1-2: Strikes out looking
|
| Bottom of the 8th over - 1 run, 3 hits, 0 errors, 2 left on base; San Francisco (APP) 2 - San Diego (APP) 6 |
| TOP OF THE 9TH |
|
San Francisco (APP) Giants batting - Pitching for San Diego (APP) Padres : RHP Roger Brennan
|
|
Pitching: RHP Eric Busby
|
|
|
Batting: RHB Brian Rogers
|
0-0: Called Strike 0-1: Ball 1-1: Swinging Strike 1-2: Strikes out swinging
|
|
Batting: RHB Troy Trice
|
0-0: Ball 1-0: Ball 2-0: Called Strike 2-1: TRIPLE (Line Drive, 89XD, EV 96.9 MPH)
|
|
Batting: RHB Billy Pranger
|
0-0: Ball 1-0: Foul Ball, location: 2F 1-1: Ball 2-1: Foul Ball, location: 2F 2-2: Ground out 5-3 (Groundball, 5D, EV 81.2 MPH)
|
|
Batting: LHB Steve Nevis
|
0-0: Ball 1-0: Foul Ball, location: 2F 1-1: Called Strike 1-2: Ball 2-2: Foul Ball, location: 2F 2-2: Strikes out swinging
|
| Top of the 9th over - 0 runs, 1 hit, 0 errors, 1 left on base; San Francisco (APP) 2 - San Diego (APP) 6 |
|